 Dungeon Crawl Stone Soup version 0.29.1-14-g9c671dbff4 (webtiles) character file.

Game seed: 2956646973006812471

197 growler the Ruffian (level 5, 0/40 HPs)
             Began as a Draconian Transmuter on Feb 19, 2023.
             Slain by an iguana (6 damage)
             ... on level 4 of the Dungeon.
             The game lasted 00:05:32 (3324 turns).

growler the Ruffian (Draconian Transmuter)          Turns: 3324, Time: 00:05:33

Health: 0/40       AC:  5    Str: 13    XL:     5   Next: 46%
Magic:  9/9        EV: 12    Int: 15    God:
Gold:   229        SH:  0    Dex: 11    Spells: 3/9 levels left

rFire   . . .      SeeInvis .     - Unarmed
rCold   . . .      Faith    .   (no shield)
rNeg    . . .      Spirit   .   (body armour unavailable)
rPois   .          Reflect  .   (helmet currently unavailable)
rElec   .          Harm     .   (no cloak)
rCorr   .          Rampage  .   (no gloves)
Will    .....                   (boots currently unavailable)
Stlth   +.........              (no amulet)
HPRegen 0.13/turn               (no ring)
MPRegen 0.11/turn               (no ring)

@: appendages
A: horns 2, talons 2, AC +5, unfitting armour, cold-blooded
a: End Transformation


You were on level 4 of the Dungeon.
You had temporarily grown beastly horns and talons.
You visited 1 branch of the dungeon, and saw 4 of its levels.

You collected 229 gold pieces.

Inventory:

Armour
 b - a +0 pair of boots (melded)
Jewellery
 h - the ring "Wynis" {+Blink rC- AC+4 SInv}
   (You found it on level 2 of the Dungeon)

   [ring of protection]

   AC:        It affects your AC (+4).
   rC:        It makes you vulnerable to cold.
   SInv:      It lets you see invisible.
   +Blink:    It lets you blink.
Wands
 k - a wand of roots (5)
 o - a wand of flame (15)
Scrolls
 c - 3 scrolls of teleportation {unknown}
 d - a scroll of blinking {unknown}
 g - 2 scrolls of identify {unknown}
 j - a scroll of torment {unknown}
 n - a scroll of enchant weapon {unknown}
Potions
 a - a potion of lignification
 e - a potion of curing {unknown}
 f - a potion of haste {unknown}
 i - a potion of heal wounds {unknown}
 l - a potion of attraction {unknown}
 m - a potion of magic {unknown}


   Skills:
 - Level 1.1 Fighting
 - Level 1.8 Dodging
 * Level 5.3 Unarmed Combat
 + Level 2.8 Spellcasting
 + Level 2.8 Transmutations


You had 3 spell levels left.
You knew the following spells:

 Your Spells              Type           Power      Damage    Failure   Level
a - Beastly Appendage     Tmut           20%        N/A       6%          1
b - Wereblood             Tmut           10%        N/A       10%         2
c - Spider Form           Tmut/Pois      6%         N/A       34%         3

Your spell library contained the following spells:

 Spells                   Type           Power      Damage    Failure   Level
 Freeze                   Ice            8%         1d3       21%         1
 Frozen Ramparts          Ice            4%         1d1       52%         3
 Portal Projectile        Hex/Tloc       4%         N/A       52%         3
 Swiftness                Air            2%         N/A       52%         3
 Tukima's Dance           Hex            2%         N/A       52%         3
 Ice Form                 Ice/Tmut       6%         N/A       75%         4
 Blade Hands              Tmut           5%         N/A       86%         5
 Corpse Rot               Necr/Pois/Air  2%         N/A       90%         4


Dungeon Overview and Level Annotations

Branches:
Dungeon (4/15)
 Temple: D:4-7

Altars:
Trog

Annotations:
D:3 1 runed translucent door, Crazy Yiuf
D:4 Dowan, Duvessa, Menkaure, Pikel


Innate Abilities, Weirdness & Mutations

You have temporarily grown beastly horns and talons.
Your plain brown scales are hard. (AC +5)
You cannot fit into any form of body armour.
You are cold-blooded and may be slowed by cold attacks.


Message History

The hound misses you.
You hit the hound. Your kick misses the hound. Your headbutt misses the hound.
The hound is moderately wounded.
The hound pauses to sniff the ground.
The hound bites you. The hound bites you but does no damage.
You barely miss the hound. Your kick misses the hound.
Your headbutt misses the hound.
The hound is moderately wounded.
The hound bites you.
You closely miss the hound.
The hound is moderately wounded.
The hound bites you.
You miss the hound. You claw the hound! Your headbutt misses the hound.
Your punch misses the hound.
The hound is severely wounded.
The hound closely misses you. The iguana bites you! The hound bites you.
You closely miss the hound. You claw the hound, but do no damage.
Your tail-slap misses the hound.
The hound is severely wounded.
The hound barely misses you. The iguana barely misses you.
You miss the hound. Your kick misses the hound.
Your tail-slap misses the hound.
The hound is severely wounded.
The hound barely misses you. The iguana bites you! The hound bites you.
* * * LOW HITPOINT WARNING * * *
The iguana attacks as you move away!
The iguana bites you but does no damage.
The hound bites you.
* * * LOW HITPOINT WARNING * * *
The iguana attacks as you move away! The iguana barely misses you.
Menkaure mumbles some strange words.
Menkaure seems to speed up.
Dowan shouts!
You hear a shout!
You hear an angry hiss.
Menkaure calls on the powers of darkness!
The hound convulses!
Your body is wracked with pain!
* * * LOW HITPOINT WARNING * * *
The iguana convulses!
The hound barely misses you.
Okay, then.
The iguana attacks as you move away! The iguana bites you.
You die...

#.......#.l#.##..#..#####.##..).
#.................5.##........##
...#...#.#.....#..##......M###.##
##.##.##.#...#.#[.##.......# #.##
#.......#..e#<#..####...### #.##
#####.####........# #l..# #.##
.........#......### #...# ####
.......#.#.#.#..######...##..#
.......#.#.#....@h...M.).....#
....)..#.#.#.....l...........#
.......#.#.##.#..............#
........<#.##.#.######...##.##
.......###......# .....#..#
###.......###.### .#..).# #
#.#####.# #.# .#....# #. #.# #.#
. .....# #. #.# #.# ..#


You could see Menkaure (fast), Dowan, an iguana and a hound.

Vanquished Creatures
  A lemure (D:3)
  A scorpion (D:4)
  A hound (D:4)
  Ijyb (D:4)
  An adder (D:3)
  3 dart slugs
  3 orcs (D:3)
  2 ball pythons
  5 endoplasms
  4 giant cockroaches
  6 goblins
  5 hobgoblins
  3 jackals (D:1)
  10 kobolds
  2 quokkas
  7 bats
  8 frilled lizards
  4 rats
67 creatures vanquished.

Notes
Turn   | Place    | Note
-------+----------+-------------------------------------------
     0 | D:1      | growler the Draconian Transmuter began the quest for the
                  | Orb.
     0 | D:1      | Reached XP level 1. HP: 16/16 MP: 3/3
    49 | D:1      | Got the Anthology of Fog and the Iceberg
   392 | D:1      | Reached XP level 2. HP: 22/23 MP: 5/5
   395 | D:1      | Learned a level 2 spell: Wereblood
   528 | D:1      | Reached skill level 4 in Unarmed Combat
   674 | D:1      | Found a faded altar of an unknown god.
   885 | D:1      | Reached XP level 3. HP: 28/28 MP: 6/6
  1123 | D:2      | Found a bloodstained altar of Trog.
  1241 | D:2      | Identified the ring "Wynis" {+Blink rC- AC+4 SInv}
  1373 | D:2      | Learned a level 3 spell: Spider Form
  1894 | D:3      | Found a runed translucent door.
  1895 | D:3      | Noticed Crazy Yiuf
  2223 | D:3      | Reached XP level 4. HP: 35/35 MP: 7/7
  2725 | D:4      | Noticed a scorpion
  2738 | D:4      | Killed a scorpion
  2739 | D:4      | Reached skill level 5 in Unarmed Combat
  2739 | D:4      | Reached XP level 5. HP: 31/40 MP: 4/9
  2865 | D:4      | Noticed Ijyb
  2904 | D:4      | Killed Ijyb
  3026 | D:4      | Noticed a lemure
  3026 | D:4      | Noticed Menkaure
  3027 | D:4      | Noticed a lemure
  3027 | D:4      | Noticed Pikel
  3055 | D:4      | Noticed a lemure
  3056 | D:4      | Noticed a lemure
  3059 | D:4      | Noticed Dowan
  3060 | D:4      | Noticed Duvessa
  3083 | D:3      | Killed a lemure
  3324 | D:4      | Slain by an iguana

Illustrated notes

Levels and vault maps discovered:
D:1:      onia_arrival_mini_spirals, layout_basic,
          dreamdust_ecumenical_altar_angels_and_demons
D:2:      layout_rooms, basic_altar
D:3:      layout_loops_cross, uniq_crazy_yiuf_cottage
D:4:      layout_loops_cross, minmay_temple_entry_grid,
          minmay_goblin_kobold_house, uniq_duvessa, uniq_pikel, uniq_menkaure,
          uniq_ijyb

Skill      XL: |  1  2  3  4 |
---------------+-------------+-----
Unarmed Combat | 4 5 |  5.3
Fighting       | |  1.1
Dodging        | |  1.8
Spellcasting   | |  2.8
Transmutations | |  2.8

Action                   |  1- 3 |  4- 6 || total
-------------------------+-------+-------++-------
Melee: Unarmed           |   189 |    76 ||   265
       Tailslap          |    20 |    12 ||    32
       Punch             |     4 |     2 ||     6
       Kick              |     3 |    13 ||    16
       Headbutt          |     1 |     4 ||     5
 Cast: Beastly Appendage |     4 |     5 ||     9
       Wereblood         |       |     1 ||     1
 Stab: Sleeping          |     3 |       ||     3
Armor: Skin              |    64 |    20 ||    84
Dodge: Dodged            |   135 |    43 ||   178
